 Dungeon Crawl Stone Soup version 0.19.5 (webtiles) character file.

234 JeffiDaFish the Shield-Bearer (level 6, -6/38 HPs)
             Began as a Gargoyle Fighter on Mar 11, 2017.
             Engulfed by an orc wizard's steam (27 damage)
             ... on level 4 of the Dungeon.
             The game lasted 00:07:06 (3001 turns).

JeffiDaFish the Shield-Bearer (Gargoyle Fighter)    Turns: 3001, Time: 00:07:07

Health: -6/38      AC: 16    Str: 18 (20) XL:     6   Next: 5%
Magic:  6/6        EV:  3    Int:  8      God:
Gold:   202        SH: 10    Dex:  8 (11) Spells: 0 memorised, 5 levels left

rFire  x . .     SeeInvis .     i - +1 morningstar (protect)
rCold  + . .     Gourm    .     j - +0 plate armour
rNeg   + . .     Faith    .     c - +1 shield
rPois  ∞         Spirit   .     (no helmet)
rElec  +         Reflect  .     (no cloak)
rCorr  .         Harm     .     (no gloves)
MR     .....                    (no boots)
Stlth  ..........               (no amulet)
                                (no ring)
                                b - ring of ice

@: no status effects
A: mutation resistance 1, negative energy resistance 1, electricity resistance,
unbreathing, petrification resistance, rot immunity, AC +4
a: no special abilities


You were on level 4 of the Dungeon.
You were not hungry.

You visited 1 branch of the dungeon, and saw 4 of its levels.

You collected 202 gold pieces.

Inventory:

Hand Weapons
 i - a +1 morningstar of protection (weapon)
Armour
 c - a +1 shield (worn)
 j - a +0 plate armour (worn)
Jewellery
 b - a ring of ice (left hand)
Scrolls
 e - 4 scrolls of identify
 k - a scroll of recharging
 l - a scroll of remove curse
Potions
 d - a potion of might
Comestibles
 f - 2 bread rations
 g - 4 chunks of flesh
 h - 2 meat rations
 m - a beef jerky


   Skills:
 + Level 4.0 Fighting
 + Level 3.5 Maces & Flails
 + Level 4.2 Armour
 + Level 0.7 Dodging
 + Level 0.5 Stealth
 + Level 5.0 Shields


You had 5 spell levels left.
You didn't know any spells.

Dungeon Overview and Level Annotations

Branches:
Dungeon (4/15)
 Temple: D:4-7

Altars:


Innate Abilities, Weirdness & Mutations

You are resistant to torment.
Your stone body is resilient. (AC +4)
You are immune to poison.
You resist negative energy. (rN+)
You are resistant to electric shocks. (rElec)
You can survive without breathing.
You are immune to petrification.
You are immune to rotting.
You are somewhat resistant to further mutation.


Message History

Your unstable footing causes you to fumble your attack.
Something hits you but does no damage. x2
You closely miss something. You block something's attack.
You hear a splashing noise.
You miss something.
Something hits you but does no damage. x2
Your shield and plate armour prevent you from hitting something.
You hear some strange, mumbled words.
A puff of flame appears from out of thin air!
The puff of flame hits you!
You hear some strange, mumbled words.
A puff of flame appears from out of thin air!
The puff of flame hits you!
Your unstable footing causes you to fumble your attack.
You are engulfed in a cloud of scalding steam.
Something hits you but does no damage.
You hear a splashing noise.
You closely miss something.
You are engulfed in a cloud of scalding steam.
Ouch! That really hurt!
You die...

*,**,,≈≈≈≈#......#≈≈≈≈..
*#.,P.≈≈.###....###.≈≈..
*.##.≈≈≈≈#......#≈≈≈≈.#
##.P..≈≈≈........≈≈≈≈..
#*....P≈≈≈#......#≈≈≈≈..
#.##..≈≈.###..[.###.≈≈P.
#P...P≈≈≈≈#......#≈≈≈.##
#(.P.≈≈{≈≈........≈≈.##.
*..##P≈@≈≈#......#≈≈≈..#
###....≈≈###....###≈#.##
#≈###..P≈≈#......#.≈.##≈
#..≈###..≈≈.......≈≈##≈≈
#P...≈###.≈......≈≈##≈≈≈
##..P≈≈≈##≈≈.....###≈≈≈≈
##.P.≈≈≈≈#####'####≈≈≈≈≈
#...≈≈≈≈≈≈≈##..##≈≈≈≈≈≈≈
#P.≈≈≈≈≈≈≈###''###≈≈≈≈≈≈


There were no monsters in sight!

Vanquished Creatures
  A scorpion (D:4)
  A howler monkey (D:4)
  A worker ant (D:4)
  Terence (D:2)
  An adder (D:3)
  2 oozes
  A dart slug (D:3)
  9 orcs (D:4)
  2 ball pythons (D:2)
  8 bats
  6 giant cockroaches
  8 goblins
  6 hobgoblins
  8 jackals
  2 frilled lizards
  8 kobolds
  2 quokka skeletons (D:4)
  5 rats
72 creatures vanquished.

Vanquished Creatures (others)
  A plant (D:4)
1 creature vanquished.

Grand Total: 73 creatures vanquished

Notes
Turn   | Place    | Note
-------+----------+-------------------------------------------
     0 | D:1      | JeffiDaFish the Gargoyle Fighter began the quest for the Orb.
     0 | D:1      | Reached XP level 1. HP: 14/14 MP: 1/1
   221 | D:1      | Reached XP level 2. HP: 19/19 MP: 2/2
   455 | D:1      | Reached XP level 3. HP: 24/24 MP: 3/3
  1071 | D:2      | Noticed Terence
  1080 | D:2      | Killed Terence
  1080 | D:2      | Reached skill level 4 in Shields
  1080 | D:2      | Reached XP level 4. HP: 28/29 MP: 4/4
  1102 | D:2      | Gained mutation: You are somewhat resistant to further mutation. [potion of beneficial mutation]
  2084 | D:4      | Reached XP level 5. HP: 23/33 MP: 5/5
  2375 | D:4      | HP: 1/33 [something/magic dart (8)]
  2888 | D:4      | Reached skill level 5 in Shields
  2888 | D:4      | Reached XP level 6. HP: 29/38 MP: 6/6
  3001 | D:4      | Engulfed by an orc wizard's steam

Skill      XL: |  1  2  3  4  5 |
---------------+----------------+-----
Armour         | 4 |  4.2
Shields        | 4 5 |  5.0
Maces & Flails | 3 |  3.5
Fighting       | 4 |  4.0
Dodging        | |  0.7
Stealth        | |  0.5

Action                   |  1- 3 |  4- 6 || total
-------------------------+-------+-------++-------
Melee: Flail             |   121 |   167 ||   288
       Morningstar       |       |    76 ||    76
  Use: Scroll            |     6 |     6 ||    12
       Potion            |       |     3 ||     3
  Eat: Chunk             |     1 |     7 ||     8
Armor: Scale mail        |    80 |    40 ||   120
       Plate armour      |       |   220 ||   220
Dodge: Dodged            |    48 |    44 ||    92
Block: Shield            |    92 |   189 ||   281
